 Dungeon Crawl Stone Soup version 0.24.0-28-g17ded55e90 (webtiles) character file.

Game seed: 10325553092542760644, levelgen mode: deterministic

1670 Burgietje the Fighter (level 9, -4/60 HPs)
             Began as a Gargoyle Fighter on Nov 12, 2019.
             Slain by a wight
             ... wielding a +4 great sword
              (6 damage)
             ... on level 9 of the Dungeon.
             The game lasted 00:06:56 (4531 turns).

Burgietje the Fighter (Gargoyle Fighter)            Turns: 4531, Time: 00:06:57

Health: -4/60      AC: 13    Str: 23    XL:     9   Next: 1%
Magic:  9/9        EV:  7    Int:  9    God:
Gold:   266        SH:  9    Dex:  9    Spells: 8/8 levels left

rFire    . . .     SeeInvis .   a - +1 war axe
rCold    . . .     Gourm    .   c - +0 shield
rNeg     + . .     Faith    .   b - +0 scale mail
rPois    ∞         Spirit   .   (no helmet)
rElec    +         Reflect  .   l - scarf {repulsion}
rCorr    .         Harm     .   (no gloves)
MR       .....                  (no boots)
Stlth    ..........             (no amulet)
HPRegen  0.20/turn              (no ring)
MPRegen  0.11/turn              (no ring)

@: repel missiles
A: negative energy resistance 1, electricity resistance, unbreathing,
petrification resistance, rot immunity, AC +6
a: no special abilities


You were on level 9 of the Dungeon.
You were hungry.

You visited 2 branches of the dungeon, and saw 9 of its levels.
You also visited: Sewer.

You collected 266 gold pieces.

Inventory:

Hand Weapons
 a - a +1 war axe (weapon)
 i - a +2 hand axe of electrocution
Missiles
 e - 126 stones (quivered)
 m - a throwing net
Armour
 b - a +0 scale mail (worn)
 c - a +0 shield (worn)
 l - a scarf of repulsion (worn)
 D - a scarf of repulsion
Jewellery
 t - an uncursed amulet of magic regeneration
 C - the ring "Lare" {Dex+2 SInv, unknown}
   (You found it on level 5 of the Dungeon)

   [ring of see invisible]

   It affects your dexterity (+2).
   It lets you see invisible.
Wands
 A - a wand of random effects (22)
Scrolls
 q - a scroll of magic mapping
 r - a scroll of teleportation
 u - 2 scrolls of identify
 w - a scroll of blinking {unknown}
 x - a scroll of silence {unknown}
 y - a scroll of amnesia {unknown}
 z - a scroll of remove curse {unknown}
Potions
 g - a potion of magic {unknown}
 h - a potion of flight {unknown}
 j - 2 potions of degeneration
 k - a potion of brilliance {unknown}
 n - 2 potions of curing
 o - a potion of agility {unknown}
 p - a potion of berserk rage {unknown}
 s - a potion of heal wounds {unknown}
 v - a potion of ambrosia {unknown}
 B - a potion of resistance {unknown}
Comestibles
 f - 10 rations


   Skills:
 + Level 9.2 Fighting
 + Level 7.4 Axes
 - Level 3.2 Armour
 - Level 3.2 Shields


You had 8 spell levels left.
You didn't know any spells.
Your spell library contained the following spells:

 Spells                   Type           Power        Failure   Level  Hunger
 Corona                   Hex            #......      99%         1    ##.....
 Ensorcelled Hibernation  Hex/Ice        #.....       100%        2    ###....
 Confuse                  Hex            #.......     100%        3    ####...
 Dazzling Spray           Conj/Hex       #.....       100%        3    ####...
 Tukima's Dance           Hex            #.......     100%        3    ####...


Dungeon Overview and Level Annotations

Branches:
Dungeon (9/15)             Temple (1/1) D:4           Sewer (visited)
   Lair: D:8-11         Orc: D:9-12

Altars:
Cheibriados
Elyvilon
Fedhas
Gozag
Nemelex Xobeh
Qazlal
Ru
Sif Muna
Trog
Uskayaw
Wu Jian
Xom
Yredelemnul
Zin
The Shining One

Annotations:
D:3 3 runed translucent doors, Curus's ghost, amateur MiBe
D:4 1 runed translucent door, EnegeticOcto's ghost, novice DDFi
D:9 3 runed translucent doors, Billuzav's ghost, novice GrFi


Innate Abilities, Weirdness & Mutations

You are resistant to torment.
Your stone body is resilient. (AC +6)
You are immune to poison.
You resist negative energy. (rN+)
You are resistant to electric shocks. (rElec)
You can survive without breathing.
You are immune to petrification.
You are immune to rotting.


Message History

You slash the gnoll!
The gnoll is almost dead.
You closely miss the wight. The wight closely misses you.
The gnoll hits you but does no damage.
You closely miss the gnoll.
The gnoll is almost dead.
You closely miss the wight. You block the wight's attack.
The gnoll closely misses you.
You slice the gnoll!!
You kill the gnoll!
You hit the wight.
The wight hits you with a +4 great sword!
* * * LOW HITPOINT WARNING * * *
You closely miss the wight.
The wight is almost destroyed.
You block the wight's attack.
You barely miss the wight.
The wight is almost destroyed.
The wight hits you with a +4 great sword.
You die...

.#..... .#....#........
.+..... .#....#........
.+..... #....#........
.+?.... #....#........
.#..... #....#........
.#..agW #... #........
.#########.####........
......z..............##
......)@....#..........
............#..........
.$..........#..........
.......................
.......................
#######################


You could see a gnoll shaman, a worker ant, a wight and Billuzav's ghost.

Vanquished Creatures
  Sigmund (D:3)
  A necrophage (D:6)
  An ice beast (D:4)
  An ogre (D:4)
  2 centaurs
  A crocodile (Sewer)
  A big kobold (D:4)
  2 scorpions
  2 wights (D:8)
  A howler monkey (D:8)
  A crimson imp (D:5)
  A bullfrog zombie (D:5)
  2 hounds
  2 jellies
  2 orc priests (D:4)
  A gnoll shaman (D:8)
  5 iguanas
  Jessica (D:3)
  2 worker ants
  A worker ant zombie (D:5)
  A howler monkey skeleton (D:8)
  2 gnolls
  8 adders
  A shadow imp (D:8)
  2 oozes
  4 worms
  A dart slug (D:1)
  6 leopard geckos
  6 orcs
  A ball python (D:5)
  9 bats
  A bat skeleton (D:2)
  4 giant cockroaches
  7 goblins
  7 hobgoblins
  17 jackals
  8 kobolds
  3 quokkas
  A ball python skeleton (D:5)
  A frilled lizard (D:1)
  A jackal skeleton (D:5)
  A jackal zombie (D:5)
  5 rats
128 creatures vanquished.

Notes
Turn   | Place    | Note
-------+----------+-------------------------------------------
     0 | D:1      | Burgietje the Gargoyle Fighter began the quest for the Orb.
     0 | D:1      | Reached XP level 1. HP: 14/14 MP: 1/1
    98 | D:1      | Reached XP level 2. HP: 19/19 MP: 2/2
   199 | D:1      | Reached XP level 3. HP: 18/24 MP: 3/3
   247 | D:1      | Reached skill level 4 in Fighting
  1142 | D:2      | Reached XP level 4. HP: 30/30 MP: 4/4
  1190 | D:2      | You fall into a shaft and drop 2 floors!
  1205 | D:4      | Noticed an ogre
  1205 | D:4      | Noticed an ice beast
  1301 | D:3      | Reached XP level 5. HP: 33/34 MP: 5/5
  1314 | D:3      | Reached skill level 5 in Fighting
  1578 | D:3      | Noticed Sigmund
  1593 | D:3      | Killed Sigmund
  1593 | D:3      | Reached XP level 6. HP: 25/41 MP: 6/6
  1786 | D:3      | Reached skill level 6 in Fighting
  1800 | D:3      | Found a glowing drain.
  1805 | Sewer    | Entered a sewer
  2261 | D:3      | Found a runed translucent gate.
  2262 | D:3      | Found a runed translucent gate.
  2262 | D:3      | Found a runed translucent gate.
  2264 | D:3      | Noticed Curus's ghost (amateur MiBe)
  2295 | D:3      | Noticed Jessica
  2299 | D:3      | Killed Jessica
  2299 | D:3      | Reached XP level 7. HP: 47/47 MP: 7/7
  2345 | D:4      | Found a staircase to the Ecumenical Temple.
  2352 | Temple   | Entered the Ecumenical Temple
  2800 | D:4      | Reached skill level 5 in Axes
  2821 | D:4      | Reached skill level 7 in Fighting
  2844 | D:4      | Found a runed translucent door.
  2844 | D:4      | Noticed EnegeticOcto's ghost (novice DDFi)
  2987 | D:4      | Reached XP level 8. HP: 53/53 MP: 8/8
  3159 | D:5      | Entered Level 5 of the Dungeon
  3184 | D:5      | Found a hide-covered altar of Uskayaw.
  3440 | D:5      | Reached skill level 8 in Fighting
  4129 | D:5      | Got a wavering bone ring
  4451 | D:6      | You fall into a shaft and drop 3 floors!
  4457 | D:9      | Noticed a centaur warrior
  4458 | D:9      | Found a runed translucent gate.
  4458 | D:9      | Found a runed translucent gate.
  4458 | D:9      | Found a runed translucent gate.
  4459 | D:9      | Noticed Billuzav's ghost (novice GrFi)
  4462 | D:8      | Found a white marble altar of Elyvilon.
  4476 | D:8      | Reached skill level 9 in Fighting
  4490 | D:8      | Reached XP level 9. HP: 12/60 MP: 9/9
  4490 | D:8      | HP: 3/60 [wight/+0 dire flail (10)]
  4529 | D:9      | HP: 2/60 [wight/+4 great sword (8)]
  4531 | D:9      | Slain by a wight

Levels and vault maps discovered:
D:1:      minmay_arrival_shattered_statue, layout_loops_ring
D:2:      layout_loops_ring, chequers_temple_overflow_statue_of_worship,
          serial_undead, serial_undead_b, serial_undead_d, serial_undead_b,
          serial_undead_f, serial_undead_e, serial_undead_e, serial_undead_c
D:3:      layout_loops_cross, gammafunk_ghost_necromancy, gup_sewer_entry_bowl,
          first_ration, saegor_snake_ambush, uniq_sigmund, uniq_jessica
D:4:      layout_rooms, minmay_temple_entry_gardened_gates,
          ebering_ghost_reflecting_pool
D:5:      layout_layer_cave, eat_drink_and_be_merry_uskayaw
D:6:      layout_cave_pods, vehumet_crystals, nicolae_dithmenos_the_darkroom,
          serial_shops, shop
D:8:      layout_basic, elyvilon_altar_5, minmay_lair_entry_grove, basic_altar,
          uniq_erica
D:9:      layout_stronghold, nicolae_overflow_crystal_walls,
          gammafunk_ghost_split, serial_rivers, chequers_serial_rivers_micro_c,
          chequers_serial_rivers_room_b, chequers_serial_rivers_small_3,
          chequers_serial_rivers_small_a, chequers_serial_rivers_micro_e
Temple:   oiseaux_autumnal_temple

Skill      XL: |  1  2  3  4  5  6  7  8 |
---------------+-------------------------+-----
Axes           | 2 3 4 5 7 |  7.4
Fighting       | 4 5 6 7 9 |  9.2
Armour         | |  3.2
Shields        | |  3.2

Action                   |  1- 3 |  4- 6 |  7- 9 || total
-------------------------+-------+-------+-------++-------
Melee: War axe           |   124 |   166 |   233 ||   523
  Use: Scroll            |       |     5 |       ||     5
       Potion            |       |     1 |       ||     1
  Eat: Chunk             |     1 |     4 |     7 ||    12
Armor: Scale mail        |    61 |   138 |   138 ||   337
Dodge: Dodged            |    35 |    65 |    65 ||   165
       Deflected         |     1 |     1 |     2 ||     4
Block: Shield            |    66 |   114 |   114 ||   294
